Map: Para Site LE

Players

Lambo - Winner!

  • Race: Zerg Zerg
  • League: Grandmaster
  • Spawn Location: 11:00

IIIIIIIIIIII

  • Race: Protoss Protoss
  • League: Master
  • Spawn Location: 5:00

VOD

Have the link to the VOD?

Description

Time

  • Played on: Dec. 5, 2018, 10:27 a.m.
  • Length: 18:49
Show
View Real Time Build Order
Export as new Build Order

Lambo Zerg - Winner!

Build Orders: Hatch First, Brood Lord Corruptor, Muta Ling Bane 

Get SALT Encoding   

  12  0:01  Drone  
  13  0:13  Overlord  
  13  0:17  Drone  
  14  0:32  Drone x2  
  16  0:47  Hatchery  
  15  0:51  Drone  
  15  0:56  Drone  
  17  0:58  Drone  
  18  1:10  Extractor  
  17  1:14  Spawning Pool  
  17  1:17  Drone  
  17  1:21  Drone  
  18  1:29  Drone  
  19  1:39  Drone  
  20  1:52  Drone  
  21  2:00  Queen x2  
  21  2:01  Overlord, Zergling x2  
  26  2:12  Drone x2  
  28  2:20  Drone  
  29  2:23  Drone  
  30  2:33  Hatchery  
  30  2:36  Drone  
  30  2:38  Drone  
  30  2:42  Drone  
  32  2:46  Drone  
  33  2:53  Overlord  
  33  2:54  Queen  
  33  2:56  Drone  
  36  3:09  Overlord  
  36  3:13  Drone x3  
  36  3:15  Drone x2  
  41  3:20  Drone  
  41  3:23  Drone  
  42  3:30  Lair  
  42  3:31  Drone x2, Queen  
  46  3:36  Drone  
  46  3:38  Roach Warren  
  46  3:39  Extractor x2  
  46  3:40  Drone x2  
  46  3:46  Drone  
  46  3:47  Drone  
  46  3:48  Drone x2  
  50  3:50  Drone  
  51  3:56  Overlord  
  51  3:57  Drone  
  52  4:05  Overlord  
  52  4:15  Overlord  
  52  4:17  Roach x3  
  52  4:18  Roach x3  
  66  4:24  Roach x2  
  66  4:29  Overseer, Glial Reconstitution  
  68  4:32  Overlord  
  68  4:33  Overseer  
  68  4:34  Overlord  
  68  4:45  Drone x3  
  69  4:54  Drone x2  
  69  4:55  Drone x3  
  69  4:56  Drone x2  
  76  5:01  Spire  
  76  5:02  Roach x2, Evolution Chamber, Extractor  
  76  5:04  Overseer  
  77  5:09  Roach x2  
  77  5:10  Drone x3  
  77  5:12  Drone  
  77  5:14  Drone  
  86  5:15  Drone  
  85  5:23  Drone x2  
  85  5:24  Drone  
  85  5:25  Drone  
  85  5:26  Drone x2  
  85  5:28  Zerg Melee Weapons Level 1  
  91  5:29  Drone  
  94  5:35  Drone x2  
  94  5:39  Baneling Nest, Extractor  
  94  5:41  Extractor  
  94  5:42  Roach x2  
  95  5:47  Roach  
  97  5:51  Overlord  
  97  5:53  Overlord  
  97  5:56  Drone, Hatchery  
  97  6:07  Overlord  
  97  6:11  Overlord  
  93  6:15  Drone x2  
  93  6:17  Drone x2  
  97  6:19  Mutalisk x4  
  97  6:22  Mutalisk  
  107  6:27  Metabolic Boost  
  107  6:35  Drone x2  
  107  6:38  Roach x5  
  115  6:51  Drone x5  
  120  6:57  Centrifical Hooks  
  120  7:02  Queen  
  120  7:06  Roach, Zergling x10  
  120  7:07  Ravager  
  130  7:10  Zergling x8  
  130  7:13  Overlord  
  134  7:17  Drone  
  135  7:23  Drone, Overlord, Infestation Pit  
  135  7:25  Overlord  
  135  7:30  Queen  
  135  7:31  Drone x4, Overlord  
  135  7:32  Drone  
  135  7:33  Hatchery  
  135  7:34  Drone x2  
  143  7:42  Drone  
  143  7:43  Drone x2, Zergling x6  
  143  7:44  Zergling x4  
  151  7:45  Baneling x2  
  151  7:46  Baneling  
  151  7:56  Ravager  
  152  8:00  Overlord  
  152  8:04  Hive  
  152  8:08  Drone x4  
  152  8:09  Drone x7  
  152  8:10  Zergling x10  
  168  8:18  Extractor  
  167  8:22  Extractor  
  164  8:32  Overlord  
  164  8:34  Zergling x22  
  164  8:38  Zerg Melee Weapons Level 2  
  175  8:42  Evolution Chamber, Extractor  
  175  8:46  Extractor  
  172  8:50  Drone x4  
  172  8:51  Drone x2  
  172  8:52  Queen  
  172  8:53  Spine Crawler  
  179  8:56  Spine Crawler  
  178  9:04  Zergling x2  
  178  9:05  Zergling x22  
  178  9:09  Zerg Ground Armor Level 1  
  190  9:14  Pneumatized Carapace  
  190  9:18  Greater Spire  
  190  9:19  Adrenal Glands  
  190  9:33  Hatchery  
  190  9:34  Overlord  
  185  9:50  Corruptor x2  
  185  9:51  Overlord  
  189  10:04  Corruptor x5  
  182  10:20  Corruptor x2  
  186  10:23  Spire  
  186  10:25  Drone x3  
  188  10:28  Spine Crawler  
  188  10:29  Spine Crawler  
  188  10:30  Spine Crawler  
  184  10:39  Brood Lord  
  184  10:40  Brood Lord x5  
  184  10:41  Baneling x9  
  179  10:51  Zergling x34  
  188  10:59  Brood Lord x2  
  188  11:00  Zergling x24  
  197  11:08  Corruptor  
  197  11:09  Corruptor x3  
  191  11:11  Baneling x8  
  191  11:15  Corruptor  
  191  11:17  Zerg Flyer Weapons Level 1  
  189  11:21  Corruptor  
  188  11:27  Baneling x7  
  188  11:28  Brood Lord  
  188  11:31  Drone x3  
  189  11:34  Zergling x12  
  189  11:35  Zergling x8  
  174  11:52  Zergling x26  
  186  12:02  Brood Lord x2  
  186  12:03  Brood Lord x3  
  192  12:11  Zerg Flyer Armor Level 1  
  189  12:17  Brood Lord  
  186  12:29  Drone  
  189  12:30  Drone x2  
  189  12:35  Overlord  
  189  12:39  Extractor, Spawning Pool  
  189  12:40  Extractor  
  189  12:41  Baneling x7  
  189  12:42  Baneling x10  
  186  12:44  Baneling x8  
  186  12:57  Baneling x6  
  186  13:01  Hatchery  
  186  13:05  Hatchery  
  172  13:24  Overlord  
  161  13:28  Zergling x28  
  160  13:50  Corruptor x6  
  156  14:02  Zergling x2  
  128  14:03  Zergling x12  
  128  14:07  Hydralisk Den, Corruptor x2  
  128  14:08  Corruptor x2  
  129  14:16  Zergling x6  
  132  14:23  Zergling x12  
  138  14:24  Baneling x6  
  135  14:32  Zergling x2  
  135  14:33  Zergling x10  
  135  14:34  Baneling x7  
  135  14:36  Corruptor x3  
  136  14:43  Baneling x5  
  136  14:45  Hydralisk x2  
  136  14:53  Hydralisk x3  
  136  14:57  Baneling  
  136  14:58  Baneling x2  
  141  15:07  Hydralisk x3  
  141  15:12  Zerg Missile Weapons Level 1  
  147  15:15  Drone x2  
  147  15:19  Drone x2  
  151  15:21  Drone  
  152  15:28  Grooved Spines  
  152  15:35  Drone  
  152  15:36  Drone x2  
  155  15:47  Hydralisk, Drone x3  
  155  15:48  Hydralisk  
  162  15:56  Zerg Melee Weapons Level 3  
  162  16:03  Hydralisk  
  162  16:04  Hydralisk x3  
  170  16:15  Overlord  
  166  16:25  Hatchery  
  159  16:40  Muscular Augments  
  157  16:49  Drone x3  
  160  16:55  Brood Lord x8  
  160  17:01  Drone x6  
  184  17:08  Brood Lord  
  184  17:11  Brood Lord  
  184  17:12  Zergling x2  
  187  17:16  Baneling x6  
  187  17:22  Brood Lord  
  187  17:29  Overlord  
  187  17:34  Brood Lord  
  189  17:38  Brood Lord  
  189  17:40  Overlord  
  191  17:51  Zergling x18  
  200  17:54  Baneling x11  
  198  18:05  Baneling x7  
  197  18:12  Baneling x5  
  190  18:28  Zergling x2  
  190  18:29  Zergling x32  
Show
View Real Time Build Order
Export as new Build Order

IIIIIIIIIIII Protoss 

Build Orders: 1 Gate Expand, Archon Immortal, Archon Drop, Dark Templar Rush 

Get SALT Encoding   

  12  0:00  Probe  
  13  0:13  Probe  
  14  0:19  Pylon  
  14  0:25  Probe  
  15  0:33  Probe  
  15  0:38  Gateway  
  15  0:41  Probe  
  16  0:48  Assimilator  
  17  0:51  Probe  
  18  1:03  Probe  
  19  1:15  Probe  
  20  1:23  Nexus  
  20  1:32  Probe  
  21  1:37  Cybernetics Core  
  21  1:41  Assimilator  
  21  1:44  Probe  
  22  1:51  Pylon  
  22  1:56  Probe  
  23  2:05  Adept  
  23  2:09  Probe  
  23  2:14  Warp Gate  
  26  2:21  Probe  
  27  2:30  Stalker  
  27  2:31  Probe  
  27  2:32  Twilight Council, Probe  
  31  2:39  Probe  
  31  2:40  Probe  
  32  2:48  Probe  
  32  2:50  Probe  
  33  2:56  Robotics Facility  
  35  3:00  Probe  
  35  3:05  Probe  
  37  3:13  Probe  
  37  3:17  Probe, Dark Shrine  
  39  3:22  Gateway  
  39  3:27  Probe  
  39  3:29  Probe  
  39  3:33  Warp Prism  
  41  3:39  Gateway  
  41  3:40  Gateway  
  41  3:43  Pylon  
  41  3:47  Probe  
  41  3:48  Probe  
  45  3:51  Assimilator  
  45  3:54  Assimilator  
  45  3:57  Pylon  
  45  4:00  Warp Prism  
  45  4:01  Probe x2  
  49  4:13  Probe x2  
  51  4:19  Pylon  
  51  4:25  Probe  
  51  4:26  Probe  
  53  4:36  Dark Templar x3  
  53  4:37  Dark Templar  
  61  4:41  Pylon  
  61  4:55  Nexus  
  61  5:01  Archon  
  61  5:02  Archon  
  61  5:09  Probe x2  
  61  5:10  Shield Battery  
  61  5:11  Forge  
  63  5:22  Dark Templar x3  
  63  5:23  Dark Templar  
  71  5:28  Probe  
  71  5:29  Probe  
  73  5:38  Immortal  
  73  5:40  Probe  
  78  5:45  Pylon  
  78  5:46  Archon  
  78  5:47  Archon  
  78  5:49  Protoss Ground Weapons Level 1  
  78  6:00  Pylon  
  78  6:03  Probe x2  
  78  6:04  Robotics Facility  
  80  6:05  Probe  
  80  6:11  Probe x2  
  81  6:13  Probe  
  81  6:17  Immortal  
  88  6:19  Probe x2  
  88  6:21  Probe  
  88  6:22  Pylon  
  88  6:23  Pylon  
  88  6:25  Pylon  
  91  6:27  Pylon  
  91  6:30  Probe x2  
  91  6:32  Blink  
  93  6:33  Probe  
  94  6:42  Probe x2  
  94  6:43  Assimilator x2  
  94  6:45  Probe  
  97  6:51  Immortal  
  97  6:54  Probe x2  
  103  6:57  Probe  
  103  6:58  Stalker x3  
  110  7:02  Stalker  
  110  7:06  Probe  
  113  7:16  Photon Cannon  
  113  7:17  Shield Battery  
  113  7:25  Stalker x4  
  113  7:28  Immortal  
  125  7:34  Protoss Ground Weapons Level 2  
  125  7:44  Gateway  
  125  7:46  Gateway  
  125  7:47  Gateway  
  125  7:48  Gateway  
  125  7:51  Templar Archives  
  125  7:54  Probe x3  
  125  7:58  Sentry x3  
  128  7:59  Zealot  
  128  8:03  Nexus  
  128  8:05  Pylon  
  134  8:09  Charge  
  134  8:24  Probe  
  134  8:25  Probe x2  
  134  8:26  Photon Cannon  
  136  8:33  Psionic Storm  
  142  8:34  Immortal x2  
  146  8:41  Pylon  
  146  8:42  Pylon  
  146  8:44  Pylon  
  144  8:57  Pylon  
  144  8:59  Pylon  
  144  9:01  Pylon  
  144  9:02  Assimilator x2  
  140  9:04  High Templar x4  
  140  9:05  Zealot x3  
  140  9:06  Zealot  
  156  9:11  Shield Battery x2  
  156  9:14  Photon Cannon  
  156  9:15  Shield Battery  
  156  9:19  Immortal  
  160  9:24  Protoss Ground Weapons Level 3  
  160  9:35  Shield Battery  
  160  9:36  Photon Cannon  
  160  9:37  Photon Cannon  
  160  9:44  Stalker x6  
  172  9:50  Stalker  
  172  9:51  Stalker  
  168  10:19  High Templar  
  168  10:20  High Templar x3, Zealot x2  
  168  10:21  Zealot x2  
  184  10:23  Archon  
  184  10:24  Archon  
  184  10:27  Stargate  
  184  10:28  Stargate  
  184  10:41  Zealot x4  
  192  10:44  Observer x2  
  191  10:55  Zealot x4  
  179  11:05  Probe x4  
  181  11:14  Fleet Beacon  
  177  11:21  Stargate  
  177  11:31  Zealot x8  
  183  11:51  Protoss Shields Level 1  
  161  12:06  High Templar x2  
  161  12:07  High Templar x2  
  153  12:09  Zealot x4  
  153  12:15  Archon x2  
  155  12:18  Pylon  
  155  12:20  Pylon  
  155  12:21  Pylon  
  155  12:22  Pylon  
  153  12:24  Pylon  
  153  12:34  Nexus  
  153  12:36  High Templar x4, Pylon  
  161  12:42  Stalker x4  
  169  12:46  Tempest x2  
  169  12:47  Tempest  
  176  13:26  Stalker x7  
  174  13:27  Stalker  
  168  13:34  Archon  
  138  13:58  Zealot x8  
  124  14:03  Warp Prism  
  127  14:21  High Templar  
  127  14:22  High Templar x4  
  134  14:25  High Templar  
  136  14:34  Probe  
  136  14:35  Probe x2  
  137  14:57  Probe x3  
  138  15:09  Probe  
  138  15:12  Probe x2  
  141  15:18  Probe  
  141  15:20  Probe  
  141  15:24  Probe  
  141  15:26  Probe  
  141  15:28  Probe  
  146  15:37  Probe  
  146  15:39  Probe  
  148  15:46  Probe  
  148  15:49  Probe  
  150  15:51  Probe  
  153  16:16  Nexus  
  153  16:17  Pylon  
  135  16:37  High Templar x5  
  144  16:41  Archon, High Templar  
  144  16:42  Archon  
  144  16:45  Archon  
  143  17:07  Zealot x3  
  148  17:25  High Templar x3  
  148  17:26  High Templar  
  156  17:30  Archon  
  156  17:31  Archon  
  156  17:42  Probe x2  
  156  17:43  Probe  
  157  18:16  Cybernetics Core  
  157  18:17  High Templar x2  
Tags
 
Add a new tag
Caveats
  • Supply blocks, unpowered buildings, or Contaminate may cause inaccurate times.
  • Supply counts are checked every 10 seconds.